 Dungeon Crawl Stone Soup version 0.21-a0-314-gb3271ec (webtiles) character file.

34457 Hasart the Arsonist (level 13, -3/74 HPs)
             Began as a Gargoyle Fire Elementalist on Sept 29, 2017.
             Was a High Priest of Sif Muna.
             Slain by a hell hound (8 damage)
             ... on level 6 of the Lair of Beasts on Sept 30, 2017.
             The game lasted 01:00:12 (18627 turns).

Hasart the Arsonist (Gargoyle Fire Elementalist)   Turns: 18627, Time: 01:00:13

Health: -3/74      AC: 18    Str: 10    XL:     13   Next: 77%
Magic:  35/35      EV: 17    Int: 21    God:    Sif Muna [*****.]
Gold:   1162       SH: 11    Dex: 15    Spells: 18/30 levels left

rFire    + . .     SeeInvis .   B - +2 flail (elec)
rCold    + . .     Gourm    .   l - +3 buckler {AC+3}
rNeg     + . .     Faith    .   A - +2 robe {Archmagi}
rPois    ∞         Spirit   .   n - +0 hat {MR+}
rElec    +         Reflect  +   (no cloak)
rCorr    +         Harm     .   (no gloves)
MR       +....                  (no boots)
Stlth    +++.......             s - +3 amulet of reflection
HPRegen  0.22/turn              y - ring of magical power
MPRegen  0.24/turn              (no ring)

@: agile, resistant, very slightly contaminated
A: hooves 1, iridescent scales 1, negative energy resistance 1, electricity
resistance, weak 1, unbreathing, petrification resistance, rot immunity, AC +9
a: Divine Energy, Channel Magic, Forget Spell, Renounce Religion


You were on level 6 of the Lair of Beasts.
You worshipped Sif Muna.
Sif Muna was extremely pleased with you.
You were not hungry.

You visited 3 branches of the dungeon, and saw 16 of its levels.
You also visited: Ossuary and Ice Cave.

You collected 1162 gold pieces.

Inventory:

Hand Weapons
 B - a +2 flail of electrocution (weapon)
Armour
 a - a +0 helmet
 l - a +3 buckler of protection (worn)
 n - a +0 hat of magic resistance (worn)
 A - a +2 robe of the Archmagi (worn)
 J - a +1 robe of positive energy
 W - a +1 animal skin of cold resistance
Jewellery
 s - a +3 amulet of reflection (around neck)
 y - a ring of magical power (left hand)
 F - an uncursed ring of positive energy
 M - an uncursed ring of ice
Wands
 e - a wand of digging (13/24)
 j - a wand of paralysis (7/24)
 v - a wand of acid (2/15)
 K - a wand of confusion (30/48)
 L - a wand of clouds (2/9)
 T - a wand of digging (10/24)
 U - a wand of acid (9/15)
Scrolls
 f - a scroll of amnesia
 g - 15 scrolls of identify
 k - 5 scrolls of remove curse
 p - 5 scrolls of enchant weapon
 q - 5 scrolls of teleportation
 D - 4 scrolls of magic mapping
 I - 3 scrolls of enchant armour
 N - 6 scrolls of recharging
 P - 2 scrolls of blinking
Potions
 d - 3 potions of might
 h - 2 potions of lignification
 m - 4 potions of curing
 o - a potion of invisibility
 u - 4 potions of flight
Books
 b - a book of Flames

   Spells                             Type                      Level
   a - Flame Tongue                   Conjuration/Fire             1
   b - Throw Flame                    Conjuration/Fire             2
   c - Conjure Flame                  Conjuration/Fire             3
   d - Inner Flame                    Hexes/Fire                   3
   e - Sticky Flame                   Conjuration/Fire             4
   f - Fireball                       Conjuration/Fire             5
 C - a book of Ice

   Spells                             Type                      Level
   a - Ice Form                       Ice/Transmutation            4
   b - Metabolic Englaciation         Hexes/Ice                    5
   c - Ozocubu's Refrigeration        Ice                          6
   d - Bolt of Cold                   Conjuration/Ice              6
   e - Freezing Cloud                 Conjuration/Ice/Air          6
   f - Simulacrum                     Ice/Necromancy               6
 E - a book of Debilitation

   Spells                             Type                      Level
   a - Corona                         Hexes                        1
   b - Slow                           Hexes                        2
   c - Inner Flame                    Hexes/Fire                   3
   d - Portal Projectile              Hexes/Translocation          3
   e - Cause Fear                     Hexes                        4
   f - Leda's Liquefaction            Hexes/Earth                  4
 G - a book of Geomancy

   Spells                             Type                      Level
   a - Sandblast                      Earth                        1
   b - Passwall                       Transmutation/Earth          2
   c - Stone Arrow                    Conjuration/Earth            3
   d - Petrify                        Transmutation/Earth          4
   e - Lee's Rapid Deconstruction     Earth                        5
 O - Sif Muna's Disquisition on Assistive Toxins
   (Sif Muna gifted it to you on level 2 of the Lair of Beasts)

   Spells                             Type                      Level
   a - Sting                          Conjuration/Poison           1
   b - Shroud of Golubria             Charms/Translocation         2
   c - Ignite Poison                  Fire/Transmutation/Poison    3
   d - Iskenderun's Battlesphere      Conjuration/Charms           5
   e - Death's Door                   Charms/Necromancy            8
 V - a book of Air

   Spells                             Type                      Level
   a - Shock                          Conjuration/Air              1
   b - Swiftness                      Charms/Air                   2
   c - Static Discharge               Conjuration/Air              3
   d - Airstrike                      Air                          4
   e - Lightning Bolt                 Conjuration/Air              5
Miscellaneous
 x - a crystal ball of energy
 R - a phial of floods
Comestibles
 c - 12 bread rations
 i - 14 fruits
 r - 11 royal jellies
 t - 6 meat rations
 w - a chunk of flesh


   Skills:
 - Level 5.9 Fighting
 - Level 5.1 Maces & Flails
 - Level 1.5 Dodging
 - Level 2.1 Stealth
 - Level 5.7 Shields
 * Level 9.4 Spellcasting
 * Level 11.4 Conjurations
 - Level 2.1 Charms
 + Level 14.0 Fire Magic
 - Level 7.1 Invocations


You had 18 spell levels left.
You knew the following spells:

 Your Spells              Type           Power        Failure   Level  Hunger
a - Flame Tongue          Conj/Fire      #####        1%          1    None
b - Sticky Flame          Conj/Fire      #######.     1%          4    ##.....
c - Fireball              Conj/Fire      #######...   1%          5    #####..
d - Swiftness             Chrm/Air       ###.....     7%          2    None


Dungeon Overview and Level Annotations

Branches:
Dungeon (11/15)            Temple (1/1) D:7            Lair (3/6) D:11
 Spider (0/4) Lair:2          Orc (0/2) D:9
  Swamp: Lair:2-4    Shoals: Lair:2-4

Altars:
Cheibriados
Dithmenos
Elyvilon
Fedhas
Gozag
Kikubaaqudgha
Makhleb
Nemelex Xobeh
Okawaru
Ru
Sif Muna
Trog
Uskayaw
Xom
Yredelemnul
Zin
The Shining One

Annotations:
D:10 Erolcha


Innate Abilities, Weirdness & Mutations

You are resistant to torment.
Your stone body is resilient. (AC +9)
You are immune to poison.
You resist negative energy. (rN+)
You are resistant to electric shocks. (rElec)
You can survive without breathing.
You are immune to petrification.
You are immune to rotting.
You have large cloven feet.
You are partially covered in iridescent scales. (AC +2)
You are weak. (Str -2)


Message History

* * * LOW HITPOINT WARNING * * *
Unknown command.
You feel better.
The hell hound bites you but does no damage. x2
You feel better.
You feel less wooden.
Your +0 hat of magic resistance unmelds from your body.
Your +2 robe of the Archmagi unmelds from your body.
You feel resistant to hostile enchantments.
You feel powerful.
You flicker back into view.
The hell hound barely misses you.
The hell hound bites you but does no damage.
The hell hound breathes flames at you. The blast of flame hits you! You resist.
* * * LOW HITPOINT WARNING * * *
The blast of flame hits the plant.
The plant is destroyed!
The blast of flame hits the plant.
The hell hound bites you!
You die...

........§§ ....≈.≈≈.
#P..P... #P..P.. #.....
# ## ####P..P. ##. #P#
########...#†... #...
#.##.#.#.#...÷÷#P..
##... #@#.........÷..#P.
......#hh......#....###.
#....#...#.##### #
###..####### #..# #.....
###...h ##..... ##.#.


You could see 2 hell hounds.

Vanquished Creatures
  Gastronok (D:11)
  A frost giant (IceCv)
  Harold (Lair:1)
  A hydra (D:8)
  5 death yaks
  2 oklob plants (Lair:2)
  2 black mambas (Lair:2)
  An ugly thing (D:11)
  An ice statue (IceCv)
  A torpor snail (Lair:2)
  3 spiny frogs
  2 rime drakes (Lair:1)
  3 komodo dragons
  11 blink frogs
  6 hippogriffs
  10 polar bears (IceCv)
  6 dream sheep
  A wyvern (Lair:2)
  A shadow (D:11)
  35 yaks
  2 hungry ghosts (D:9)
  3 basilisks
  2 hell hounds (Lair:6)
  A warg (Lair:6)
  5 water moccasins
  4 porcupines
  9 orc warriors
  5 sky beasts
  2 phantoms
  An eye of draining (D:10)
  11 ice beasts
  5 ogres
  3 black bears
  A necrophage (D:9)
  15 wolves
  3 centaurs
  7 crocodiles
  3 big kobolds (D:8)
  2 elf zombies (Ossuary)
  10 bullfrogs
  A wyvern zombie (D:9)
  4 scorpions
  4 wights (D:8)
  An electric eel (Lair:2)
  6 crimson imps
  A quasit (D:8)
  2 bullfrog zombies
  3 centaur zombies
  8 hounds
  3 centaur skeletons
  13 orc wizards
  A bullfrog skeleton (D:11)
  2 human zombies (Ossuary)
  9 orc priests
  An iguana (D:8)
  13 worker ants
  A killer bee zombie (D:9)
  2 mummies (Ossuary)
  2 hound skeletons
  16 adders
  4 shadow imps
  3 oozes
  An adder zombie (D:8)
  2 adder skeletons
  6 worms
  5 leopard geckos
  49 orcs
  6 bats
  5 giant cockroaches
  3 goblins
  4 hobgoblins
  15 jackals
  7 quokkas
  2 ball pythons
  4 frilled lizards
  11 hobgoblin zombies (Ossuary)
  2 jackal skeletons
  2 jackal zombies (Ossuary)
  6 kobolds
  7 kobold zombies (Ossuary)
  2 leopard gecko skeletons
  8 orc zombies (Ossuary)
  2 rats
  A rat zombie (Ossuary)
  A plant (Lair:2)
439 creatures vanquished.

Vanquished Creatures (others)
  4 polar bears (IceCv)
  A yak (IceCv)
  16 fungi
  10 plants
31 creatures vanquished.

Grand Total: 470 creatures vanquished

Notes
Turn   | Place    | Note
-------+----------+-------------------------------------------
     0 | D:1      | Hasart the Gargoyle Fire Elementalist began the quest for the Orb.
     0 | D:1      | Reached XP level 1. HP: 10/10 MP: 3/3
   663 | D:2      | Reached XP level 2. HP: 13/15 MP: 0/5
   828 | D:2      | Found a glowing golden altar of the Shining One.
   861 | D:2      | Reached XP level 3. HP: 18/19 MP: 0/6
   899 | D:2      | Reached skill level 4 in Fire Magic
   968 | D:2      | Found a bloodstained altar of Trog.
  1325 | D:2      | Reached XP level 4. HP: 22/24 MP: 1/7
  1827 | D:3      | Found a faded altar of an unknown god.
  1957 | D:3      | Found a shadowy altar of Dithmenos.
  2129 | D:3      | Reached skill level 5 in Fire Magic
  2129 | D:3      | Reached XP level 5. HP: 28/28 MP: 1/8
  2593 | D:3      | Found a snail-covered altar of Cheibriados.
  3162 | D:4      | Noticed an ogre
  3303 | D:3      | Learned a level 4 spell: Sticky Flame
  3316 | D:4      | Killed an ogre
  3316 | D:4      | Reached skill level 1 in Shields
  3316 | D:4      | Reached XP level 6. HP: 21/32 MP: 9/9
  3523 | D:4      | Reached skill level 6 in Fire Magic
  3618 | D:4      | Found a blossoming altar of Fedhas.
  3873 | D:5      | Entered Level 5 of the Dungeon
  3896 | D:5      | Reached XP level 7. HP: 17/36 MP: 7/10
  4003 | D:5      | Found a shadowy altar of Dithmenos.
  4400 | D:5      | Reached skill level 7 in Fire Magic
  4603 | D:5      | Reached XP level 8. HP: 35/41 MP: 11/11
  4968 | D:5      | Reached skill level 5 in Conjurations
  5653 | D:6      | Reached skill level 8 in Fire Magic
  5877 | D:7      | Noticed a hippogriff
  5878 | D:7      | Found a blossoming altar of Fedhas.
  5878 | D:7      | Found an opulent altar of Gozag.
  5896 | D:7      | Killed a hippogriff
  6046 | D:7      | Reached skill level 5 in Shields
  6142 | D:7      | Reached skill level 9 in Fire Magic
  6142 | D:7      | Reached XP level 9. HP: 45/45 MP: 4/12
  6485 | D:7      | Found a glowing silver altar of Zin.
  6488 | D:7      | Found a shimmering altar of Xom.
  6664 | D:7      | Found a staircase to the Ecumenical Temple.
  6685 | Temple   | Entered the Ecumenical Temple
  6774 | Temple   | Became a worshipper of Sif Muna the Loreminder
  6883 | D:7      | Found a sacrificial altar of Ru.
  6883 | D:7      | Found a burning altar of Makhleb.
  7040 | D:8      | Reached skill level 1 in Maces & Flails
  7104 | D:8      | Reached skill level 1 in Fighting
  7154 | D:8      | Found a sand-covered staircase.
  7184 | Ossuary  | Entered an ossuary
  7324 | Ossuary  | Reached skill level 10 in Fire Magic
  7483 | Ossuary  | Reached * piety under Sif Muna
  7809 | D:8      | Found a hide-covered altar of Uskayaw.
  8064 | D:8      | Reached XP level 10. HP: 56/56 MP: 13/13
  8229 | D:8      | Noticed a three-headed hydra
  8241 | D:8      | Killed a three-headed hydra
  8509 | D:8      | Learned a level 5 spell: Fireball
  8857 | D:9      | Reached skill level 11 in Fire Magic
  8949 | D:9      | Reached ** piety under Sif Muna
  9106 | D:9      | Reached skill level 5 in Fighting
  9304 | D:9      | Found an ancient bone altar of Kikubaaqudgha.
  9477 | D:9      | Reached XP level 11. HP: 21/64 MP: 10/14
  9827 | D:9      | Reached skill level 5 in Maces & Flails
  9879 | D:10     | Entered Level 10 of the Dungeon
 10348 | D:9      | Found a staircase to the Orcish Mines.
 10753 | D:10     | Found an opulent altar of Gozag.
 10824 | D:10     | Gained mutation: You have large cloven feet. [potion of mutation]
 10824 | D:10     | Gained mutation: You are frail. (-10% HP) [potion of mutation]
 10824 | D:10     | Gained mutation: You are weak. (Str -2) [potion of mutation]
 10824 | D:10     | Gained mutation: You are partially covered in iridescent scales. (AC +2) [potion of mutation]
 11088 | D:10     | Reached *** piety under Sif Muna
 11107 | D:10     | Reached skill level 1 in Invocations
 11312 | D:10     | Noticed Erolcha
 11474 | D:11     | Reached skill level 12 in Fire Magic
 11539 | D:11     | Found a staircase to the Lair.
 11539 | D:11     | Noticed a death yak
 11575 | D:11     | Killed a death yak
 11701 | D:11     | Found a basalt altar of Yredelemnul.
 11704 | D:11     | Noticed Gastronok
 11721 | D:11     | Killed Gastronok
 12206 | D:11     | Noticed a cyclops
 12241 | D:11     | Noticed a green ugly thing
 12242 | D:11     | Reached **** piety under Sif Muna
 12256 | D:11     | Killed a green ugly thing
 12257 | D:11     | Lost mutation: You are frail. (-10% HP) [potion of mutation]
 12257 | D:11     | Lost mutation: You are weak. (Str -2) [potion of mutation]
 12257 | D:11     | Lost mutation: You have large cloven feet. [potion of mutation]
 12257 | D:11     | Gained mutation: You are weak. (Str -2) [potion of mutation]
 12257 | D:11     | Gained mutation: You have large cloven feet. [potion of mutation]
 12390 | Lair:1   | Entered Level 1 of the Lair of Beasts
 12402 | Lair:1   | Reached skill level 5 in Spellcasting
 12407 | Lair:1   | Reached XP level 12. HP: 52/69 MP: 16/19
 13320 | Lair:1   | Noticed Harold
 13342 | Lair:1   | Killed Harold
 13856 | Lair:2   | Reached skill level 10 in Conjurations
 13935 | Lair:2   | Reached skill level 13 in Fire Magic
 13975 | Lair:2   | Reached skill level 5 in Invocations
 14049 | Lair:2   | Reached ***** piety under Sif Muna
 14054 | Lair:2   | Identified Sif Muna's Disquisition on Assistive Toxins (Sif Muna gifted it to you on level 2 of the Lair of Beasts)
 14054 | Lair:2   | Received a gift from Sif Muna
 14121 | Lair:2   | Found a frozen archway.
 14197 | IceCv    | Entered an ice cave
 14757 | IceCv    | Noticed a death yak
 14761 | IceCv    | Noticed a death yak
 14782 | IceCv    | Killed a death yak
 14802 | IceCv    | Killed a death yak
 14802 | IceCv    | Reached XP level 13. HP: 42/74 MP: 24/24
 15595 | IceCv    | Noticed a frost giant
 16125 | IceCv    | Killed a frost giant
 16125 | IceCv    | Received a gift from Sif Muna
 16149 | IceCv    | Learned a level 2 spell: Swiftness
 16871 | Lair:2   | Found a hole to the Spider Nest.
 16907 | Lair:2   | Reached skill level 1 in Charms
 18316 | Lair:3   | You fall through a shaft for 3 floors!
 18316 | Lair:6   | Entered Level 6 of the Lair of Beasts
 18403 | Lair:6   | Reached skill level 14 in Fire Magic
 18620 | Lair:6   | HP: 1/111 [hell hound (5)]
 18625 | Lair:6   | HP: 2/111 [hell hound (6)]
 18627 | Lair:6   | Slain by a hell hound

Vault maps used:
D:1:      lightli_arrival_chessboard
D:2:      bloody_trog, first_bread, tso_altar
D:3:      lemuel_crystal_altar, cheibriados_altar_1,
          chequers_ecumenical_altar_simple
D:4:      fedhas_altar_4
D:5:      serial_bayou, serial_bayou_shore_a, serial_bayou_lagoon_a,
          serial_bayou_ford_a, serial_bayou_pond_c, serial_bayou_pond_b,
          grunt_dithmenos_smoke
D:7:      grunt_temple_overflow_open, gammafunk_temple_overflow_wave,
          minmay_temple_entry_statues_pillars
D:8:      kennysheep_mini, enter_ossuary_3, hangedman_ranch
D:9:      erik_orc_2, basic_altar, minmay_gold_behind_fungi
D:10:     grunt_gozag_breadcrumbs, uniq_erolcha
D:11:     david_lair_generic, yredelemnul_altar_generic, uniq_gastronok
Temple:   minmay_temple_forest_path
Lair:1:   uniq_harold
Lair:2:   nicolae_spider_entry_non_spiders, portal_ice_cave_entry_ice_beasts,
          infiniplex_staircase_pool, minmay_lair_oklob_chamber
Lair:3:   serial_bayou_shore_b, grunt_megastairs_2, infiniplex_staircase_pool_2,
          serial_bayou_shore_b
Lair:6:   hangedman_lair_caniforms_friends
Ossuary:  ossuary_tomb_1
IceCv:    ice_cave_caverns_03

Skill      XL: |  1  2  3  4  5  6  7  8  9 10 11 12 13 |
---------------+----------------------------------------+-----
Conjurations   | 2 3 4 6 7 8 9 10 11 | 11.4
Fire Magic     | 4 5 6 7 9 10 11 12 13 14 | 14.0
Shields        | 1 2 3 5 |  5.7
Maces & Flails | 2 4 5 |  5.1
Fighting       | 3 5 |  5.9
Invocations    | 3 6 7 |  7.1
Spellcasting   | 5 7 9 |  9.4
Charms         | 2 |  2.1
Dodging        | |  1.5
Stealth        | |  2.1

Action                   |  1- 3 |  4- 6 |  7- 9 | 10-12 | 13-15 || total
-------------------------+-------+-------+-------+-------+-------++-------
Melee: Short sword       |    66 |     3 |   134 |       |       ||   203
       Spear             |       |    26 |       |       |       ||    26
       Flail             |       |       |   346 |   291 |   122 ||   759
       Kick              |       |       |       |    28 |    20 ||    48
 Cast: Flame Tongue      |    31 |   107 |   166 |   315 |    51 ||   670
       Sticky Flame      |       |     2 |    12 |    91 |    66 ||   171
       Fireball          |       |       |       |     8 |    12 ||    20
Invok: Channel Magic     |       |       |       |     1 |       ||     1
Evoke: Wand              |       |       |     1 |     3 |       ||     4
  Use: Scroll            |     2 |     5 |       |     7 |     4 ||    18
       Potion            |       |       |       |    13 |     8 ||    21
 Stab: Sleeping          |       |     1 |     5 |     3 |       ||     9
       Distracted        |       |       |       |     1 |       ||     1
       Held in net/web   |       |       |       |     1 |       ||     1
  Eat: Chunk             |     2 |     9 |    18 |    38 |    20 ||    87
       Fruit             |       |       |     3 |     3 |     2 ||     8
Armor: Robe              |    54 |    40 |   273 |   185 |    86 ||   638
       Skin              |       |       |       |     4 |    37 ||    41
Dodge: Dodged            |    64 |    55 |   337 |   221 |   100 ||   777
Block: Buckler           |    12 |    25 |   300 |   257 |   133 ||   727
       Reflection        |       |       |     3 |     1 |       ||     4

Table legend:
 A = Spawn XP
 B = Non-spawn XP
 C = Spawn XP percentage of total XP
 D = Spawn monster count
 E = Non-spawn monster count
 F = Spawn count percentage of total count
 G = Total turns spent on level
                    A         B        C        D         E        F      G
               +---------+---------+-------+---------+---------+-------+---------
         Total |       0 |   49225 |   0.0 |       0 |     440 |   0.0 | 18627
               +---------+---------+-------+---------+---------+-------+---------
           D:1 |       0 |       9 |   0.0 |       0 |       6 |   0.0 |   655
           D:2 |       0 |     131 |   0.0 |       0 |      26 |   0.0 |  1130
           D:3 |       0 |      73 |   0.0 |       0 |      22 |   0.0 |  1152
           D:4 |       0 |     340 |   0.0 |       0 |      16 |   0.0 |  1002
           D:5 |       0 |     889 |   0.0 |       0 |      30 |   0.0 |  1405
           D:6 |       0 |     273 |   0.0 |       0 |      13 |   0.0 |   547
           D:7 |       0 |    1335 |   0.0 |       0 |      18 |   0.0 |   956
           D:8 |       0 |    3375 |   0.0 |       0 |      33 |   0.0 |  1374
           D:9 |       0 |    4061 |   0.0 |       0 |      66 |   0.0 |  1788
          D:10 |       0 |    1265 |   0.0 |       0 |      22 |   0.0 |   843
          D:11 |       0 |    5695 |   0.0 |       0 |      19 |   0.0 |   972
        Lair:1 |       0 |    4359 |   0.0 |       0 |      18 |   0.0 |  1413
        Lair:2 |       0 |    8772 |   0.0 |       0 |      44 |   0.0 |  1774
        Lair:3 |       0 |    3450 |   0.0 |       0 |      16 |   0.0 |   682
        Lair:6 |       0 |    2188 |   0.0 |       0 |      12 |   0.0 |   311
       Ossuary |       0 |     446 |   0.0 |       0 |      37 |   0.0 |   421
         IceCv |       0 |   12564 |   0.0 |       0 |      42 |   0.0 |  2057
               +---------+---------+-------+---------+---------+-------+---------
